 Dungeon Crawl Stone Soup version 0.30-a0-313-gae38170b09 (webtiles) character file.

Game seed: 10108449544125245311

427 MTVSty1e the Chopper (level 6, -6/57 HPs)
             Began as a Minotaur Fighter on Oct 26, 2022.
             Killed by divine providence
             ... invoked by an orc priest
              (8 damage)
             ... on level 4 of the Dungeon.
             The game lasted 00:02:44 (2976 turns).

MTVSty1e the Chopper (Minotaur Fighter)             Turns: 2976, Time: 00:02:45

Health: -6/57      AC:  6    Str: 23    XL:     6   Next: 65%
Magic:  5/5        EV: 13    Int:  5    God:
Gold:   175        SH:  4    Dex:  9    Spells: 5/5 levels left

rFire   . . .      SeeInvis .    a - +0 war axe
rCold   . . .      Faith    .    c - +0 buckler
rNeg    . . .      Spirit   .    b - +0 scale mail
rPois   .          Reflect  .    (helmet restricted)
rElec   .          Harm     .    (no cloak)
rCorr   .          Rampage  .    (no gloves)
Will    .....                    (no boots)
Stlth   ..........               (no amulet)
HPRegen 0.29/turn                t - +4 ring of evasion
MPRegen 0.09/turn                (no ring)

@: flying, hasted, very quick
A: horns 2, retaliatory headbutt
a: no special abilities


You were on level 4 of the Dungeon.
You visited 1 branch of the dungeon, and saw 4 of its levels.

You collected 175 gold pieces.

Inventory:

Hand Weapons
 a - a +0 war axe (weapon)
Armour
 b - a +0 scale mail (worn)
 c - a +0 buckler (worn)
Jewellery
 t - a +4 ring of evasion (left hand)
Wands
 o - a wand of light (13)
Scrolls
 e - a scroll of silence {unknown}
 g - 3 scrolls of noise {unknown}
 i - a scroll of enchant weapon {unknown}
 k - a scroll of blinking {unknown}
 l - 3 scrolls of teleportation {unknown}
 m - 4 scrolls of identify {unknown}
 n - a scroll of magic mapping {unknown}
 p - 2 scrolls of immolation {unknown}
 q - a scroll of vulnerability {unknown}
 s - a scroll of enchant armour {unknown}
Potions
 d - a potion of might
 f - 2 potions of flight
 j - a potion of curing {unknown}
 r - a potion of ambrosia {unknown}


   Skills:
 + Level 5.9 Fighting
 * Level 7.2 Axes
 - Level 3.6 Armour
 - Level 3.6 Shields


You had 5 spell levels left.
You didn't know any spells.
Your spell library contained the following spells:

 Spells                   Type           Power      Damage    Failure   Level
 Animate Dead             Necr           0%         N/A       100%        4
 Borgnjor's Vile Clutch   Necr/Erth      0%         N/A       100%        5
 Death Channel            Necr           0%         N/A       100%        6


Dungeon Overview and Level Annotations

Branches:
Dungeon (4/15)
 Temple: D:4-7

Altars:


Innate Abilities, Weirdness & Mutations

You have a pair of horns on your head.
You reflexively headbutt those who attack you in melee.


Message History

You closely miss the goblin. Your headbutt misses the goblin.
The goblin is moderately wounded.
You block the goblin's attack.
You hit the goblin.
The goblin is heavily wounded.
You barely miss the worm. The goblin hits you but does no damage.
The orc priest mumbles some strange prayers to Beogh against you.
Beogh smites you! The worm bites you.
You completely miss the goblin.
The goblin is moderately wounded.
You slash the worm! The goblin hits you with a +0 club.
You slash the worm!
You kill the worm!
You closely miss the goblin. The goblin hits you with a +0 club.
The orc priest calls down the wrath of Beogh upon you.
Beogh smites you!
* * * LOW HITPOINT WARNING * * *
You are too injured to fight recklessly!
You are too injured to fight recklessly!
You are too injured to fight recklessly!
You are too injured to fight recklessly!
You are too injured to fight recklessly!
You are too injured to fight recklessly!
You are too injured to fight recklessly!
It was a potion of flight.
You feel very buoyant.
You fly up into the air.
The goblin hits you with a +0 club.
* * * LOW HITPOINT WARNING * * *
You barely miss the orc priest. You slash the goblin!
You kill the goblin!
The orc priest hits you with a +0 dagger.
* * * LOW HITPOINT WARNING * * *
You closely miss the orc priest.
The orc priest hits you with a +0 dagger.
* * * LOW HITPOINT WARNING * * *
The orc priest casts a cantrip, but nothing happens.
It was a potion of haste.
You feel yourself speed up.
The orc priest calls down the wrath of Beogh upon you.
Beogh smites you!
You die...

.## #...
.... #..#
....##..#
........#
......##
..... #)o#
#.@#####.#
#.........
##.#######
#.# #$#
#..#.#
#..#.#
#..#.#
#..#.#


You could see an orc priest.

Vanquished Creatures
  2 ogres
  A scorpion (D:4)
  The ghost of Stoves66 the Conjurer, a weakling DECj of Vehumet (D:3)
  Robin (D:2)
  4 gnolls (D:4)
  3 adders
  2 worms
  2 dart slugs (D:1)
  3 orcs
  7 endoplasms
  21 goblins
  6 hobgoblins
  2 jackals (D:3)
  A quokka (D:1)
  5 ball pythons
  6 bats
  2 frilled lizards
  8 kobolds
  6 rats
83 creatures vanquished.

Vanquished Creatures (others)
  3 plants (D:3)
3 creatures vanquished.

Grand Total: 86 creatures vanquished

Notes
Turn   | Place    | Note
-------+----------+-------------------------------------------
     0 | D:1      | MTVSty1e the Minotaur Fighter began the quest for the Orb.
     0 | D:1      | Reached XP level 1. HP: 19/19 MP: 0/0
   195 | D:1      | Reached skill level 3 in Axes
   229 | D:1      | Reached XP level 2. HP: 27/27 MP: 1/1
   325 | D:1      | Found a faded altar of an unknown god.
   712 | D:1      | Reached XP level 3. HP: 33/33 MP: 2/2
   953 | D:2      | Reached skill level 4 in Axes
  1086 | D:2      | Noticed Robin
  1108 | D:2      | Killed Robin
  1454 | D:2      | Reached XP level 4. HP: 41/41 MP: 3/3
  1799 | D:3      | Noticed an ogre
  1805 | D:3      | Killed an ogre
  1806 | D:3      | Reached skill level 5 in Fighting
  1806 | D:3      | Reached skill level 5 in Axes
  1806 | D:3      | Reached XP level 5. HP: 34/48 MP: 4/4
  1951 | D:3      | Found a runed translucent door.
  1951 | D:3      | Noticed Stoves66's ghost (weakling DECj)
  1990 | D:3      | Killed Stoves66's ghost
  1991 | D:3      | Reached skill level 6 in Axes
  2793 | D:4      | Reached XP level 6. HP: 56/56 MP: 5/5
  2968 | D:4      | Reached skill level 7 in Axes
  2975 | D:4      | HP: 2/57 [orc priest/+0 dagger (5)]
  2976 | D:4      | Killed from afar by an orc priest

Illustrated notes

Levels and vault maps discovered:
D:1:      giann_forest_graveyard, layout_loops_corners,
          shapermc_ecumenical_altar_notcrosses
D:2:      layout_loops_cross, uniq_robin
D:3:      layout_basic, hellmonk_ghost_happy_afterlife, serial_bayou_crossing
D:4:      layout_loops_ring, mainiacjoe_overflow_boulevard

Skill      XL: |  1  2  3  4  5  6 |
---------------+-------------------+-----
Axes           | 3 4 5 6 7 |  7.2
Fighting       | 4 5 |  5.9
Armour         | |  3.6
Shields        | |  3.6

Action                   |  1- 3 |  4- 6 || total
-------------------------+-------+-------++-------
Melee: War axe           |    77 |    80 ||   157
       Headbutt          |     6 |     9 ||    15
  Use: Potion            |       |     2 ||     2
Armor: Scale mail        |    29 |    29 ||    58
Dodge: Dodged            |    31 |    26 ||    57
Block: Buckler           |    15 |    12 ||    27

Table legend: (Time is in decaauts)
 A = Elapsed time spent in this place.
 B = Non-inter-level travel time spent in this place.
 C = Inter-level travel time spent in this place.
 D = Time resting spent in this place.
 E = Time spent auto-exploring this place.
 F = Levels seen in this place.
 G = Mean time per level.
                   A        B        C        D        E       F      G
               +--------+--------+--------+--------+--------+-----+--------+
         Total |   3038 |   2921 |    117 |     81 |   2365 |   4 |  759.5 |
       Dungeon |   3038 |   2921 |    117 |     81 |   2365 |   4 |  759.5 |
               +--------+--------+--------+--------+--------+-----+--------+

Top non-repeatable levels by time:
     D:3: 1043 daAuts
     D:1: 957 daAuts
     D:2: 738 daAuts
     D:4: 298 daAuts
